 Dungeon Crawl Stone Soup version 0.22-a0-110-g5b255cf (webtiles) character file.

542 varam the Ducker (level 7, -7/56 HPs)
             Began as a Gnoll Wanderer on Jan 27, 2018.
             Was a Believer of Vehumet.
             Mangled by Pikel
             ... wielding a +2 whip of flaming
              (9 damage)
             ... on level 5 of the Dungeon.
             The game lasted 00:17:26 (4590 turns).

varam the Ducker (Gnoll Wanderer)                   Turns: 4590, Time: 00:17:27

Health: -7/56      AC:  3    Str: 12    XL:     7   Next: 27%
Magic:  12/12      EV: 15    Int: 18    God:    Vehumet [**....]
Gold:   184        SH:  0    Dex: 15    Spells: 10/13 levels left

rFire    . . .     SeeInvis .   a - +2 quarterstaff
rCold    . . .     Gourm    .   (shield currently unavailable)
rNeg     . . .     Faith    .   d - +0 robe
rPois    .         Spirit   .   k - +0 helmet
rElec    .         Reflect  .   (no cloak)
rCorr    .         Harm     .   (no gloves)
MR       .....                  (no boots)
Stlth    ++........             (no amulet)
HPRegen  0.18/turn              (no ring)
MPRegen  0.13/turn              (no ring)

@: no status effects
A: distributed training, fangs 1, strong nose
a: Renounce Religion


You were on level 5 of the Dungeon.
You worshipped Vehumet.
Vehumet was pleased with you.
You were hungry.

You visited 1 branch of the dungeon, and saw 5 of its levels.

You collected 184 gold pieces.

Inventory:

Hand Weapons
 a - a +2 quarterstaff (weapon)
Armour
 d - a +0 robe (worn)
 k - a +0 helmet (worn)
 p - a +0 buckler
 z - the +1 ring mail of the Everdark {rElec MR+}
   (You found it on level 4 of the Dungeon)

   It insulates you from electricity.
   It affects your resistance to hostile enchantments.
Wands
 c - a wand of random effects (38)
 r - a wand of polymorph (2)
Scrolls
 e - 2 scrolls of blinking {unknown}
 h - a scroll of immolation {unknown}
 j - 2 scrolls of remove curse
 l - 2 scrolls of fog
 n - 2 scrolls of fear {unknown}
 t - a scroll of enchant weapon {unknown}
 u - a scroll of brand weapon {unknown}
 v - a scroll of amnesia {unknown}
 w - 2 scrolls of enchant armour {unknown}
 y - a scroll of identify {unknown}
Potions
 g - 2 potions of heal wounds {unknown}
 i - a potion of invisibility
 m - 3 potions of curing {unknown}
 o - 2 potions of lignification {unknown}
 s - a potion of degeneration {unknown}
 x - a potion of agility {unknown}
Books
 b - the Tome of Levity

   Spells                             Type                      Level
   a - Swiftness                      Charms/Air                   2
   b - Poisonous Vapours              Poison/Air                   2
Comestibles
 f - 10 rations


   Skills:
 + Level 5.1 Fighting
 + Level 2.3 Short Blades
 + Level 2.3 Long Blades
 + Level 2.3 Axes
 + Level 2.3 Maces & Flails
 + Level 2.3 Polearms
 + Level 3.5 Staves
 + Level 2.3 Slings
 + Level 2.3 Bows
 + Level 2.3 Crossbows
 + Level 2.3 Throwing
 + Level 2.3 Armour
 + Level 5.1 Dodging
 + Level 3.3 Stealth
 + Level 2.3 Shields
 + Level 2.3 Unarmed Combat
 + Level 3.7 Spellcasting
 + Level 1.9 Conjurations
 + Level 1.9 Hexes
 + Level 1.9 Charms
 + Level 1.9 Summonings
 + Level 1.9 Necromancy
 + Level 1.9 Translocations
 + Level 1.9 Transmutations
 + Level 1.9 Fire Magic
 + Level 1.9 Ice Magic
 + Level 1.9 Air Magic
 + Level 1.9 Earth Magic
 + Level 4.2 Poison Magic
 + Level 2.5 Invocations
 + Level 3.5 Evocations


You had 10 spell levels left.
You knew the following spells:

 Your Spells              Type           Power        Failure   Level  Hunger
a - Flame Tongue          Conj/Fire      ##...        7%          1    None
b - Poisonous Vapours     Pois/Air       ##....       6%          2    ##.....


Dungeon Overview and Level Annotations

Branches:
Dungeon (5/15)
 Temple: D:4-7

Altars:
Vehumet
The Shining One

Annotations:
D:5 Pikel


Innate Abilities, Weirdness & Mutations

Your experience applies equally to all skills.
You have very sharp teeth.
Your uncanny sense of smell can sniff out nearby items.


Message History

You hit Pikel.
Pikel is severely wounded.
Pikel hits you with a whip of flaming! Pikel burns you.
Pikel hits you with a whip of flaming!
* * * LOW HITPOINT WARNING * * *
Pikel burns you.
* * * LOW HITPOINT WARNING * * *
You hit Pikel. You bite Pikel, but do no damage.
Pikel is almost dead.
Pikel hits you with a whip of flaming.
* * * LOW HITPOINT WARNING * * *
Pikel burns you.
* * * LOW HITPOINT WARNING * * *
You barely miss Pikel.
Pikel is almost dead.
Pikel barely misses you.
You hit Pikel. You bite Pikel, but do no damage.
Pikel is almost dead.
Pikel hits you with a whip of flaming!
You die...

### #@# #K#
(.....ah......>
..###.#.#.#####
#.#.#.# # #.# #
#.# #.$ ###


You could see Pikel, a worker ant and a jackal.

Vanquished Creatures
  An ogre (D:5)
  A centaur (D:5)
  2 scorpions (D:4)
  A bullfrog zombie (D:4)
  A centaur skeleton (D:4)
  2 orc wizards (D:4)
  Ijyb (D:3)
  A bullfrog skeleton (D:4)
  5 gnolls
  2 worms
  2 dart slugs
  A leopard gecko (D:3)
  3 orcs (D:4)
  3 ball pythons
  3 giant cockroaches
  6 goblins
  4 hobgoblins
  10 jackals
  3 quokkas
  2 bats
  3 frilled lizards
  2 kobolds (D:1)
  A leopard gecko skeleton (D:4)
  6 rats
66 creatures vanquished.

Notes
Turn   | Place    | Note
-------+----------+-------------------------------------------
     0 | D:1      | varam the Gnoll Wanderer began the quest for the Orb.
     0 | D:1      | varam set off with: a +2 quarterstaff, the Tome of Levity, a wand of random effects (15), a +0 robe, a ration
     0 | D:1      | Reached XP level 1. HP: 20/20 MP: 4/4
    86 | D:1      | Reached XP level 2. HP: 25/26 MP: 5/5
   715 | D:2      | HP: 1/26 [gnoll/flail (11)]
  1208 | D:3      | Reached XP level 3. HP: 31/31 MP: 7/7
  1478 | D:2      | Reached skill level 1 in Invocations
  1480 | D:2      | Reached skill level 1 in Short Blades
  1480 | D:2      | Reached skill level 1 in Long Blades
  1480 | D:2      | Reached skill level 1 in Axes
  1480 | D:2      | Reached skill level 1 in Maces & Flails
  1480 | D:2      | Reached skill level 1 in Polearms
  1480 | D:2      | Reached skill level 1 in Slings
  1480 | D:2      | Reached skill level 1 in Bows
  1480 | D:2      | Reached skill level 1 in Crossbows
  1480 | D:2      | Reached skill level 1 in Throwing
  1480 | D:2      | Reached skill level 1 in Armour
  1480 | D:2      | Reached skill level 1 in Shields
  1480 | D:2      | Reached skill level 1 in Unarmed Combat
  1703 | D:2      | Reached XP level 4. HP: 5/38 MP: 8/8
  1998 | D:2      | Reached skill level 3 in Spellcasting
  2330 | D:2      | Found a faded altar of an unknown god.
  2341 | D:2      | Became a worshipper of Vehumet
  2341 | D:2      | Reached * piety under Vehumet
  2341 | D:2      | Offered knowledge of Flame Tongue by Vehumet.
  2397 | D:3      | Noticed Ijyb
  2399 | D:3      | Identified the Tome of Levity
  2401 | D:3      | Learned a level 1 spell: Flame Tongue
  2404 | D:3      | Learned a level 2 spell: Poisonous Vapours
  2470 | D:3      | Killed Ijyb
  2470 | D:3      | Reached skill level 1 in Conjurations
  2470 | D:3      | Reached skill level 1 in Hexes
  2470 | D:3      | Reached skill level 1 in Charms
  2470 | D:3      | Reached skill level 1 in Summonings
  2470 | D:3      | Reached skill level 1 in Necromancy
  2470 | D:3      | Reached skill level 1 in Translocations
  2470 | D:3      | Reached skill level 1 in Transmutations
  2470 | D:3      | Reached skill level 1 in Fire Magic
  2470 | D:3      | Reached skill level 1 in Ice Magic
  2470 | D:3      | Reached skill level 1 in Air Magic
  2470 | D:3      | Reached skill level 1 in Earth Magic
  2824 | D:3      | Reached XP level 5. HP: 38/43 MP: 9/9
  3638 | D:4      | Reached skill level 3 in Staves
  3638 | D:4      | Reached skill level 4 in Poison Magic
  3638 | D:4      | Reached skill level 3 in Evocations
  3810 | D:4      | Reached skill level 3 in Stealth
  3810 | D:4      | Reached skill level 2 in Invocations
  3810 | D:4      | Reached XP level 6. HP: 50/50 MP: 8/11
  3843 | D:4      | Found a glowing golden altar of the Shining One.
  4035 | D:4      | Reached skill level 5 in Fighting
  4035 | D:4      | Reached skill level 5 in Dodging
  4037 | D:4      | Reached skill level 2 in Short Blades
  4037 | D:4      | Reached skill level 2 in Long Blades
  4037 | D:4      | Reached skill level 2 in Axes
  4037 | D:4      | Reached skill level 2 in Maces & Flails
  4037 | D:4      | Reached skill level 2 in Polearms
  4037 | D:4      | Reached skill level 2 in Slings
  4037 | D:4      | Reached skill level 2 in Bows
  4037 | D:4      | Reached skill level 2 in Crossbows
  4037 | D:4      | Reached skill level 2 in Throwing
  4037 | D:4      | Reached skill level 2 in Armour
  4037 | D:4      | Reached skill level 2 in Shields
  4037 | D:4      | Reached skill level 2 in Unarmed Combat
  4112 | D:4      | Got an encrusted ring mail
  4123 | D:4      | Identified the cursed +1 ring mail of the Everdark {rElec MR+} (You found it on level 4 of the Dungeon)
  4180 | D:4      | Offered knowledge of Sting by Vehumet.
  4240 | D:4      | Reached ** piety under Vehumet
  4339 | D:5      | Entered Level 5 of the Dungeon
  4354 | D:5      | Reached XP level 7. HP: 43/56 MP: 8/12
  4563 | D:5      | Noticed Pikel
  4588 | D:5      | HP: 3/56 [Pikel/whip of flaming (4)]
  4588 | D:5      | HP: 1/56 [Pikel/whip of flaming (2)]
  4590 | D:5      | Mangled by Pikel

Vault maps used:
D:1:      dpeg_arrival_rooms_c
D:2:      chequers_ecumenical_altar_lobes, first_ration
D:3:      minivault_5, grunt_decor_arrowhead, uniq_ijyb
D:4:      tso_metal_star
D:5:      portal_sewer_entry_b, uniq_crazy_yiuf_cottage, uniq_pikel

Skill      XL: |  1  2  3  4  5  6 |
---------------+-------------------+-----
Invocations    | 1 2 |  2.5
Short Blades   | 1 2 |  2.3
Long Blades    | 1 2 |  2.3
Axes           | 1 2 |  2.3
Maces & Flails | 1 2 |  2.3
Polearms       | 1 2 |  2.3
Slings         | 1 2 |  2.3
Bows           | 1 2 |  2.3
Crossbows      | 1 2 |  2.3
Throwing       | 1 2 |  2.3
Armour         | 1 2 |  2.3
Shields        | 1 2 |  2.3
Unarmed Combat | 1 2 |  2.3
Spellcasting   | 3 |  3.7
Conjurations   | 1 |  1.9
Hexes          | 1 |  1.9
Charms         | 1 |  1.9
Summonings     | 1 |  1.9
Necromancy     | 1 |  1.9
Translocations | 1 |  1.9
Transmutations | 1 |  1.9
Fire Magic     | 1 |  1.9
Ice Magic      | 1 |  1.9
Air Magic      | 1 |  1.9
Earth Magic    | 1 |  1.9
Staves         | 3 |  3.5
Poison Magic   | 4 |  4.2
Evocations     | 3 |  3.5
Stealth        | 3 |  3.3
Fighting       | 5 |  5.1
Dodging        | 5 |  5.1

Action                   |  1- 3 |  4- 6 |  7- 9 || total
-------------------------+-------+-------+-------++-------
Melee: Quarterstaff      |    85 |    97 |    31 ||   213
       Bite              |     3 |    11 |     4 ||    18
       Unarmed           |       |     9 |       ||     9
 Cast: Flame Tongue      |       |     3 |       ||     3
       Poisonous Vapours |       |    12 |    10 ||    22
  Use: Potion            |     1 |       |       ||     1
       Scroll            |       |     4 |       ||     4
 Stab: Sleeping          |     4 |     3 |       ||     7
       Confused          |       |     1 |       ||     1
  Eat: Chunk             |     2 |     9 |     1 ||    12
Armor: Robe              |     6 |     4 |     2 ||    12
       Skin              |       |     1 |       ||     1
       Ring mail         |       |     3 |       ||     3
Dodge: Dodged            |    47 |    82 |    29 ||   158

Table legend:
 A = Spawn XP
 B = Non-spawn XP
 C = Spawn XP percentage of total XP
 D = Spawn monster count
 E = Non-spawn monster count
 F = Spawn count percentage of total count
 G = Total turns spent on level
                    A         B        C        D         E        F      G
               +---------+---------+-------+---------+---------+-------+---------
         Total |       0 |     775 |   0.0 |       0 |      66 |   0.0 |  4590
               +---------+---------+-------+---------+---------+-------+---------
           D:1 |       0 |      27 |   0.0 |       0 |      16 |   0.0 |   621
           D:2 |       0 |      83 |   0.0 |       0 |      18 |   0.0 |  1178
           D:3 |       0 |      61 |   0.0 |       0 |      11 |   0.0 |  1679
           D:4 |       0 |     358 |   0.0 |       0 |      15 |   0.0 |   972
           D:5 |       0 |     246 |   0.0 |       0 |       6 |   0.0 |   140
               +---------+---------+-------+---------+---------+-------+---------
